 Dungeon Crawl Stone Soup version 0.31-b1-19-g70c676f13a (webtiles) character file.

Game seed: 9735080044328552618

247 Gabide the Grasshopper (level 5, -3/42 HPs)
             Began as a Demigod Warper on Jan 18, 2024.
             Slain by Crazy Yiuf
             ... wielding a +2 quarterstaff of chaos
              (4 damage)
             ... on level 3 of the Dungeon.
             The game lasted 00:13:35 (3432 turns).

Gabide the Grasshopper (Demigod Warper)             Turns: 3432, Time: 00:13:36

Health: -3/42      AC:  6    Str: 12    XL:     5   Next: 54%
Magic:  3/11       EV: 11    Int: 19    God:
Gold:   170        SH:  0    Dex: 13    Spells: 6/8 levels left

rFire   . . .        a - +2 sling
rCold   + . .        (no shield)
rNeg    . . .        k - +1 ring mail {rF+}
rPois   +            (helmet restricted)
rElec   .            (no cloak)
rCorr   .            (no gloves)
SInv    .            (no boots)
Will    .....        (no amulet) Stlth
                     c - ring of the Transparent God {Ice rPois}
HPRegen 0.27/turn    (no ring)
MPRegen 0.12/turn

%: no passive effects
@: confused, mighty, very slightly contaminated, invisible
A: high MP 1, forlorn, divine attributes, antennae 1, talons 1
a: no special abilities


You were on level 3 of the Dungeon.
You visited 1 branch of the dungeon, and saw 3 of its levels.

You collected 170 gold pieces.

Inventory:

Hand Weapons
 a - a +2 sling (weapon)
 b - a +2 whip of flaming
Missiles
 g - 3 poisoned darts
Armour
 e - a +0 leather armour
 k - a +1 ring mail of fire resistance (worn)
Magical Staves
 l - a staff of conjuration
Jewellery
 c - the ring of the Transparent God (left hand) {Ice rPois}
   (You found it on level 2 of the Dungeon)

   [ring of ice]

   Ice:       It enhances your ice magic.
   rF-:       It makes you vulnerable to fire.
   rC+:       It protects you from cold.
   rPois:     It protects you from poison
Talismans
 n - a flux talisman
Scrolls
 p - a scroll of vulnerability
Potions
 h - a potion of berserk rage {unknown}
 j - a potion of enlightenment
 o - a potion of lignification {unknown}


   Skills:
 + Level 2.6 Fighting
 + Level 2.1 Long Blades
 - Level 1.0 Maces & Flails
 - Level 2.6 Ranged Weapons
 - Level 1.0 Throwing
 - Level 1.0 Armour
 - Level 3.0 Dodging
 - Level 1.0 Stealth
 + Level 2.3 Spellcasting
 - Level 3.0 Translocations


You had 6 spell levels left.
You knew the following spells:

 Your Spells              Type           Power      Damage    Failure   Level
a - Blink                 Tloc           26%        N/A       16%         2

Your spell library contained the following spells:

 Spells                   Type           Power      Damage    Failure   Level
 Lesser Beckoning         Tloc           26%        N/A       16%         2
 Teleport Other           Tloc           13%        N/A       32%         3
 Manifold Assault         Tloc           13%        N/A       71%         4
 Vhi's Electric Charge    Tloc/Air       14%        N/A       89%         4
 Olgreb's Toxic Radiance  Alch           2%         N/A       98%         4
 Ozocubu's Refrigeration  Ice            1%         4d7       100%        7
 Discord                  Hex            1%         N/A       100%        8


Dungeon Overview and Level Annotations

Branches:
Dungeon (3/15)

Annotations:
D:3 Crazy Yiuf


Innate Abilities, Weirdness & Mutations

You have an increased reservoir of magic. (+10% MP)
You shall have no god before yourself.
Your divine heritage dramatically boosts your attributes as you level up.
You have a pair of small antennae on your head.
You have sharp toenails.


Message History

You feel better.
Crazy Yiuf hits you with a +2 quarterstaff of chaos.
Crazy Yiuf freezes you.
You fade into invisibility!
Crazy Yiuf hits you with a +2 quarterstaff of chaos!
* * * LOW HITPOINT WARNING * * *
You are slowing down.
Casting: Blink (safe; 16% risk of failure)
Confirm with . or Enter, or press ? or * to list all spells.
You miscast Blink.
Nothing appears to happen.
Crazy Yiuf barely misses you.
Your limbs are stiffening.
Casting: Blink (safe; 16% risk of failure)
Confirm with . or Enter, or press ? or * to list all spells.
You blink.
You have turned to stone.
Crazy Yiuf hits you but does no damage.
Crazy Yiuf hits you with a +2 quarterstaff of chaos!
* * * LOW HITPOINT WARNING * * *
You feel ready to blink again.
Crazy Yiuf says, "Rot hand Orb Guardian!"
Crazy Yiuf barely misses you.
Crazy Yiuf hits you with a +2 quarterstaff of chaos!
* * * LOW HITPOINT WARNING * * *
You feel very mighty all of a sudden.
Crazy Yiuf yells, "Adder!
You tired foot."
Crazy Yiuf hits you with a +2 quarterstaff of chaos!
* * * LOW HITPOINT WARNING * * *
You feel your power leaking away.
Crazy Yiuf hits you with a +2 quarterstaff of chaos.
* * * LOW HITPOINT WARNING * * *
You are confused.
Crazy Yiuf hits you with a +2 quarterstaff of chaos.
* * * LOW HITPOINT WARNING * * *
Crazy Yiuf burns you.
You turn to flesh and can move again.
Okay, then.
You are too confused!
It was a potion of mutation.
You feel extremely strange. A pair of antennae grows on your head!
Your toenails lengthen and sharpen.
Crazy Yiuf hits you with a +2 quarterstaff of chaos.
You die...

#.....# .......'.........'.....
#....## #.########.........######
#....## #........'..(......'.....
#.###.# #.########.........######
#.†..## #.## #####.........#.....
#.#.#.# #..# #.......##..###.....
#....## #..###.......##..# #.....
#.#### #...##.......##..###.....
.....####'#.....@....##..#.......
...####.....#....g...#####.######
...+..'.....+...................#
...####.....####....######.#....#
...+..#.....# #.......# #.#.####
...##.#.##### #.....#.# #.#...#
.#..#.#.# ##....#.###'#####
.#....#.# #....#........###
#.......#########....####......#.


You could see Crazy Yiuf (unable to see you).

Vanquished Creatures
  A water moccasin (D:3)
  Terence (D:2)
  Jessica (D:3)
  2 adders (D:2)
  A gnoll (D:1)
  4 dart slugs
  A ribbon worm (D:2)
  2 orcs (D:3)
  5 ball pythons
  7 bats
  4 endoplasms
  7 goblins
  4 hobgoblins
  3 jackals (D:1)
  6 kobolds
  3 quokkas
  4 rats
56 creatures vanquished.

Notes
Turn   | Place    | Note
-------+----------+-------------------------------------------
     0 | D:1      | Gabide the Demigod Warper began the quest for the Orb.
     0 | D:1      | Reached XP level 1. HP: 17/17 MP: 5/5
   290 | D:1      | Reached XP level 2. HP: 24/24 MP: 7/7
   318 | D:1      | Reached skill level 1 in Armour
   515 | D:1      | Reached skill level 1 in Ranged Weapons
   576 | D:1      | Reached XP level 3. HP: 21/29 MP: 8/8
  1236 | D:2      | HP: 1/29 [adder (2)]
  1448 | D:2      | Reached skill level 1 in Throwing
  1563 | D:2      | Noticed Terence
  1644 | D:2      | Identified the ring of the Transparent God {Ice rPois}
  1753 | D:2      | Killed Terence
  1754 | D:2      | Reached XP level 4. HP: 36/36 MP: 9/9
  2250 | D:2      | Learned a level 2 spell: Blink
  2578 | D:3      | Noticed Jessica
  2584 | D:3      | Killed Jessica
  2666 | D:3      | Noticed a water moccasin
  2987 | D:3      | Killed a water moccasin
  2988 | D:3      | Reached skill level 1 in Maces & Flails
  2988 | D:3      | Reached skill level 1 in Stealth
  2988 | D:3      | Reached XP level 5. HP: 25/42 MP: 7/11
  3385 | D:3      | Found a runed translucent door.
  3386 | D:3      | Noticed Crazy Yiuf
  3416 | D:3      | HP: 2/42 [Crazy Yiuf/+2 quarterstaff of chaos (29)]
  3428 | D:3      | HP: 2/42 [Crazy Yiuf/+2 quarterstaff of chaos (4)]
  3432 | D:3      | Gained mutation: You have a pair of small antennae on your
                  | head. [potion of mutation]
  3432 | D:3      | Gained mutation: You have sharp toenails. [potion of
                  | mutation]
  3432 | D:3      | Slain by Crazy Yiuf

Illustrated notes

Levels and vault maps discovered:
D:1:      lemuel_arrival_rhombus, layout_basic, nicolae_grassy_gnolls
D:2:      layout_basic, kennysheep_crisscross, uniq_terence
D:3:      layout_basic, overflow_temple_1_default,
          hellmonk_ecumenical_altar_crossroads, minmay_misc_feat_rugged,
          uniq_jessica, uniq_crazy_yiuf_cottage

Skill      XL: |  1  2  3  4 |
---------------+-------------+-----
Spellcasting   | 2 |  2.3
Translocations | 3 |  3.0
Fighting       | 2 |  2.6
Armour         | 1 |  1.0
Ranged Weapons | 1 2 |  2.6
Dodging        | 2 3 |  3.0
Throwing       | 1 |  1.0
Long Blades    | 2 |  2.1
Maces & Flails | 1 |  1.0
Stealth        | 1 |  1.0

Action                     |  1- 3 |  4- 6 || total
---------------------------+-------+-------++-------
  Melee: Falchion          |    33 |       ||    33
         Whip              |    45 |    24 ||    69
   Fire: Sling             |    98 |    74 ||   172
  Throw: Dart              |    16 |     5 ||    21
   Cast: Blink             |       |     8 ||     8
    Use: Scroll            |     5 |     4 ||     9
         Potion            |     4 |    10 ||    14
 Armour: Leather armour    |    93 |     3 ||    96
         Ring mail         |       |    57 ||    57
  Dodge: Dodged            |    85 |    33 ||   118
